 Dungeon Crawl Stone Soup version 0.25-a0-780-g622e69b31f (webtiles) character file.

Game seed: 8883132985593624067, levelgen mode: deterministic

206 Zanatoz the Grave Robber (level 5, -2/37 HPs)
             Began as a Mummy Necromancer on Apr 14, 2020.
             Slain by an orc priest
             ... wielding a +0 dagger
              (4 damage)
             ... on level 3 of the Dungeon.
             The game lasted 00:14:34 (3066 turns).

Zanatoz the Grave Robber (Mummy Necromancer)        Turns: 3066, Time: 00:14:35

Health: -2/37      AC:  2    Str: 11    XL:     5   Next: 53%
Magic:  1/12       EV: 12    Int: 16    God:
Gold:   65         SH:  0    Dex: 12    Spells: 8/13 levels left

rFire    x . .     SeeInvis .   b - +1 dagger
rCold    + . .     Gourm    .   (no shield)
rNeg     + + +     Faith    .   a - +0 robe
rPois    ∞         Spirit   .   (no helmet)
rElec    .         Reflect  .   (no cloak)
rCorr    .         Harm     .   (no gloves)
MR       .....                  (no boots)
Stlth    ++........             (no amulet)
HPRegen  0.12/turn              (no ring)
MPRegen  0.13/turn              (no ring)

@: no status effects
A: no food or potions, fire vulnerability, cold resistance 1, negative energy
resistance 3, torment resistance, unbreathing
a: no special abilities


You were on level 3 of the Dungeon.
You were not hungry.

You visited 1 branch of the dungeon, and saw 3 of its levels.

You collected 65 gold pieces.

Inventory:

Hand Weapons
 b - a +1 dagger (weapon)
Missiles
 c - 2 boomerangs (quivered)
Armour
 a - a +0 robe (worn)
Wands
 d - a wand of scattershot (5)
Scrolls
 e - a scroll of teleportation


   Skills:
 + Level 1.2 Fighting
 - Level 0.1 Armour
 + Level 2.1 Dodging
 + Level 1.6 Stealth
 + Level 4.6 Spellcasting
 + Level 5.5 Necromancy


You had 8 spell levels left.
You knew the following spells:

 Your Spells              Type           Power        Failure   Level  Hunger
a - Pain                  Necr           ###.         1%          1    N/A
b - Vampiric Draining     Necr           ###.......   4%          3    N/A
c - Animate Skeleton      Necr           N/A          1%          1    N/A

Your spell library contained the following spells:

 Spells                   Type           Power        Failure   Level  Hunger
 Animate Dead             Necr           N/A          16%         4    N/A
 Agony                    Necr           ###.....     41%         5    N/A

Dungeon Overview and Level Annotations

Branches:
Dungeon (3/15)

Altars:
Nemelex Xobeh
Okawaru


Innate Abilities, Weirdness & Mutations

You do not eat or drink.
Your flesh is vulnerable to fire.
You are immune to poison.
Your flesh is cold resistant. (rC+)
You are immune to negative energy. (rN+++)
You are immune to unholy pain and torment.
You can survive without breathing.


Message History

The orc priest writhes in agony!
The orc priest hits you but does no damage.
Casting: Pain (safe; 1% risk of failure)
Confirm with . or Enter, or press ? or * to list all spells.
Aiming: Pain (safe; 1% risk of failure)
Press: ? - help, Shift-Dir - straight line, f/p - orc priest
Aim: an orc priest, wielding a +0 dagger and wearing a +0 leather armour (almost dead, chance to defeat MR: 80%)
The orc priest barely resists.
The orc priest misses you.
You closely miss the orc priest.
The orc priest is almost dead.
The orc priest hits you with a +0 dagger.
* * * LOW HITPOINT WARNING * * *
Casting: Pain (safe; 1% risk of failure)
Confirm with . or Enter, or press ? or * to list all spells.
Aiming: Pain (safe; 1% risk of failure)
Press: ? - help, Shift-Dir - straight line, f/p - orc priest
Aim: an orc priest, wielding a +0 dagger and wearing a +0 leather armour (almost dead, chance to defeat MR: 80%)
The orc priest barely resists.
The orc priest hits you with a +0 dagger.
You die...

####.##.# #.#
###....##.# #.#
#...!.....# #.#
#.#.##.#### ###.#
#.#.##.#######...#
#.#.##..........##
#)#.........##..#####
#.#########.##..#...#
#.# #.##.o@...# #.#
#.##.##...# #)#
#.##.###.## ..#
#.##o# #.# #.##
##.##.# #.# ##.#
##..##.# #.# #.##
##.#.##)# #.#
.#######.###.#.# #.#
## #....## ##..# #.#


You could see an orc priest.

Vanquished Creatures
  An orc warrior (D:3)
  Robin (D:2)
  3 adders
  An ooze (D:2)
  4 leopard geckos (D:1)
  3 orcs
  A ball python (D:2)
  14 goblins
  8 hobgoblins
  4 jackals
  5 bats
  3 frilled lizards
  7 kobolds
  6 rats
61 creatures vanquished.

Notes
Turn   | Place    | Note
-------+----------+-------------------------------------------
     0 | D:1      | Zanatoz the Mummy Necromancer began the quest for the Orb.
     0 | D:1      | Reached XP level 1. HP: 13/13 MP: 4/4
   144 | D:1      | Reached XP level 2. HP: 6/19 MP: 1/5
  1184 | D:2      | Noticed Robin
  1287 | D:1      | Reached XP level 3. HP: 18/24 MP: 0/7
  1353 | D:1      | Learned a level 3 spell: Vampiric Draining
  1355 | D:1      | Learned a level 1 spell: Animate Skeleton
  1925 | D:2      | Killed Robin
  1925 | D:2      | Reached skill level 1 in Fighting
  2465 | D:2      | Reached XP level 4. HP: 29/32 MP: 5/9
  2724 | D:2      | Found an iron altar of Okawaru.
  2911 | D:3      | Reached skill level 5 in Necromancy
  2966 | D:3      | Noticed an orc warrior
  2999 | D:3      | Found a sparkling altar of Nemelex Xobeh.
  3030 | D:3      | Killed an orc warrior
  3030 | D:3      | Reached XP level 5. HP: 14/37 MP: 0/12
  3066 | D:3      | Slain by an orc priest

Levels and vault maps discovered:
D:1:      dpeg_arrival_tiny_g, layout_basic
D:2:      layout_rooms, kennysheep_okawaru_gauntlet, uniq_robin
D:3:      layout_loops_ring, overflow_temple_1_default, first_ration,
          uniq_sigmund

Skill      XL: |  1  2  3  4 |
---------------+-------------+-----
Spellcasting   | 3 4 |  4.6
Fighting       | 1 |  1.2
Dodging        | 2 |  2.1
Necromancy     | 5 |  5.5
Armour         | |  0.1
Stealth        | |  1.6

Action                   |  1- 3 |  4- 6 || total
-------------------------+-------+-------++-------
Melee: Dagger            |   102 |    10 ||   112
 Cast: Pain              |    39 |    38 ||    77
       Vampiric Draining |       |     1 ||     1
  Use: Scroll            |     6 |       ||     6
Armor: Plate armour      |    66 |       ||    66
       Robe              |     6 |     4 ||    10
Dodge: Dodged            |    50 |    11 ||    61

Table legend:
 A = Non-vault XP
 B = Vault XP
 C = Vault XP percentage of total XP
 D = Non-vault monster count
 E = Vault monster count
 F = Vault count percentage of total count
                 A         B        C        D         E       F
            +---------+---------+-------+---------+---------+-------
      Total |     257 |      38 |  12.9 |      48 |      13 |  21.3
            +---------+---------+-------+---------+---------+-------
        D:1 |      39 |      10 |  20.4 |      23 |       6 |  20.7
        D:2 |      52 |      28 |  35.0 |      14 |       7 |  33.3
        D:3 |     166 |       0 |   0.0 |      11 |       0 |   0.0
            +---------+---------+-------+---------+---------+-------
